 Dungeon Crawl Stone Soup version 0.28.0-53-g5a82cb258f (webtiles) character file.

Game seed: 16474596361482959850

154761 raph the Peltast (level 17, -12/141 HPs)
             Began as a Minotaur Fighter on June 5, 2022.
             Was the Champion of Hepliaklqana.
             Mangled by a ghoul (16 damage)
             ... on level 3 of the Swamp.
             The game lasted 00:53:57 (29470 turns).

raph the Peltast (Minotaur Fighter)                Turns: 29470, Time: 00:53:58

Health: -12/141    AC: 20    Str: 22    XL:     17   Next: 7%
Magic:  18/18      EV: 13    Int:  5    God:    Hepliaklqana [******]
Gold:   1476       SH: 22    Dex: 20    Spells: 16/16 levels left

rFire   + + .      SeeInvis .   a - +1 scimitar (flame)
rCold   + + .      Faith    .   f - +0 tower shield
rNeg    + . .      Spirit   .   L - +1 gold dragon scales
rPois   +          Reflect  .   V - +2 hat {Will+}
rElec   .          Harm     .   B - scarf {rC+ rF+}
rCorr   .          Rampage  .   e - +1 pair of gloves
Will    ++...                   F - +1 pair of boots
Stlth   ..........              y - amulet of regeneration
HPRegen 1.13/turn               Z - ring of Elitism {rN+ AC+4 Dex+3}
MPRegen 0.16/turn               K - +4 ring of evasion

@: about to teleport, corroded, on berserk cooldown, slowed, very slow
A: reduced essence, horns 2, retaliatory headbutt, deformed body
a: Renounce Religion, Recall Ancestor, Ancestor Identity, Transference, Idealise


You were on level 3 of the Swamp.
You worshipped Hepliaklqana.
Hepliaklqana was exalted by your worship.
You visited 4 branches of the dungeon, and saw 26 of its levels.
You also visited: Volcano.

You collected 4437 gold pieces.
You spent 2961 gold pieces at shops.

Inventory:

Hand Weapons
 a - a +1 scimitar of flaming (weapon)
 b - the +5 hunting sling "Gusoeb" {flame, rF+ Str+3}
   (You bought it in a shop on level 2 of the Orcish Mines)

   Any ammunition fired from it burns those it strikes, dealing additional fire
   damage.
   Str:       It affects your strength (+3).
   rF:        It protects you from fire.
 T - the +9 falchion of Pain and Death {freeze, Stlth+}
   (You bought it in a shop on level 2 of the Orcish Mines)

   It freezes those it strikes, dealing additional cold damage.
   It can also slow down cold-blooded creatures.
   Stlth:     It makes you more stealthy.
 Y - a +4 scimitar
Missiles
 k - 675 stones (quivered)
 r - 146 sling bullets
 I - 3 throwing nets
Armour
 e - a +1 pair of gloves (worn)
 f - a +0 tower shield (worn)
 u - a +2 cloak
 B - a scarf of resistance (worn)
 F - a +1 pair of boots (worn)
 L - +1 gold dragon scales (worn)
 V - a +2 hat of willpower (worn)
Jewellery
 x - an amulet of reflection
 y - an amulet of regeneration (around neck)
 K - a +4 ring of evasion (right hand)
 Z - the ring of Elitism (left hand) {rN+ AC+4 Dex+3}
   (You found it on level 14 of the Dungeon)

   [ring of protection]

   AC:        It affects your AC (+4).
   Dex:       It affects your dexterity (+3).
   rN:        It protects you from negative energy.
Wands
 l - a wand of polymorph (7)
 A - a wand of charming (20)
 D - a wand of flame (72)
 G - a wand of paralysis (13)
 H - a wand of iceblast (43)
 J - a wand of digging (12)
 M - a wand of mindburst (5)
Scrolls
 o - 7 scrolls of teleportation
 s - a scroll of summoning
 C - 2 scrolls of silence
 O - 5 scrolls of magic mapping
 P - 8 scrolls of fear
 W - 7 scrolls of identify
 X - a scroll of blinking
Potions
 d - 6 potions of heal wounds
 g - 3 potions of mutation
 h - a potion of ambrosia
 i - 6 potions of flight
 j - 8 potions of curing
 m - 8 potions of haste
 n - 3 potions of resistance
 t - 2 potions of invisibility
 v - 6 potions of brilliance
 Q - 4 potions of might
Miscellaneous
 c - a phial of floods
 N - a lightning rod (4/4)


   Skills:
 + Level 15.7 Fighting
 - Level 14.0 Long Blades
 - Level 12.0 Slings
 + Level 18.2 Armour
 - Level 11.3 Dodging
 * Level 18.3 Shields
 - Level 3.8 Invocations
 - Level 3.5 Evocations


You had 16 spell levels left.
You didn't know any spells.
Your spell library contained the following spells:

 Spells                   Type           Power      Damage    Failure   Level
 Beastly Appendage        Tmut           0%         N/A       100%        1
 Foxfire                  Conj/Fire      0%         2x1d4     100%        1
 Freeze                   Ice            0%         1d3       100%        1
 Magic Dart               Conj           0%         1d3       100%        1
 Sandblast                Erth           0%         2d4       100%        1
 Call Imp                 Summ           0%         N/A       100%        2
 Sublimation of Blood     Necr           0%         N/A       100%        2
 Wereblood                Tmut           0%         N/A       100%        2
 Call Canine Familiar     Summ           0%         N/A       100%        3
 Conjure Flame            Conj/Fire      0%         6-21      100%        3
 Frozen Ramparts          Ice            0%         1d2       100%        3
 Inner Flame              Hex/Fire       0%         N/A       100%        3
 Mephitic Cloud           Conj/Pois/Air  0%         N/A       100%        3
 Ozocubu's Armour         Ice            0%         N/A       100%        3
 Portal Projectile        Hex/Tloc       0%         N/A       100%        3
 Spider Form              Tmut/Pois      0%         N/A       100%        3
 Stone Arrow              Conj/Erth      0%         3d7       100%        3
 Summon Guardian Golem    Hex/Summ       0%         N/A       100%        3
 Tukima's Dance           Hex            0%         N/A       100%        3
 Anguish                  Hex/Necr       0%         N/A       100%        4
 Animate Dead             Necr           0%         N/A       100%        4
 Flame Wave               Conj/Fire      0%         2d4       100%        4
 Hailstorm                Conj/Ice       0%         3d3       100%        4
 Leda's Liquefaction      Hex/Erth       0%         N/A       100%        4
 Petrify                  Tmut/Erth      0%         N/A       100%        4
 Blade Hands              Tmut           0%         N/A       100%        5
 Excruciating Wounds      Necr           0%         N/A       100%        5
 Lee's Rapid Deconstruct  Erth           0%         3d5*      100%        5
 Metabolic Englaciation   Hex/Ice        0%         N/A       100%        5
 Summon Forest            Summ/Tloc      0%         N/A       100%        5
 Eringya's Noxious Bog    Tmut/Pois      0%         N/A       100%        6
 Simulacrum               Ice/Necr       0%         N/A       100%        6
 Statue Form              Tmut/Erth      0%         N/A       100%        6
 Enfeeble                 Hex            0%         N/A       100%        7
 Haunt                    Necr/Summ      0%         N/A       100%        7
 Orb of Destruction       Conj           0%         9d5       100%        7
 Ozocubu's Refrigeration  Ice            0%         4d5       100%        7
 Spellforged Servitor     Conj/Summ      0%         N/A       100%        7
 Summon Hydra             Summ           0%         N/A       100%        7
 Infestation              Necr           0%         N/A       100%        8


Dungeon Overview and Level Annotations

Branches:
Dungeon (15/15)            Temple (0/1) D:7            Lair (6/6) D:8
  Swamp (3/4) Lair:2       Spider (0/4) Lair:3        Slime (0/5) Lair:6
    Orc (2/2) D:9             Elf (0/3) Orc:2        Vaults (0/5) D:13
 Depths (0/4) D:15        Volcano (visited)

Altars:
Ashenzari
Elyvilon
Gozag
Hepliaklqana
Kikubaaqudgha
Makhleb
Nemelex Xobeh
Ru
Trog
Vehumet
Wu Jian
Xom
Beogh
Jiyva

Shops:
D:1 (   D:4 *   D:6 [   D:9 *   Orc:2 **?(

Portals:
Trove: D:14 (show slimy rune of Zot)


Innate Abilities, Weirdness & Mutations

Your life essence is reduced to manifest your ancestor. (-10% HP)
You have a pair of horns on your head.
You reflexively headbutt those who attack you in melee.
Armour fits poorly on your strangely shaped body.


Message History

The will-o-the-wisp gestures.
The will-o-the-wisp conjures some foxfire!
You block the goliath frog's attack. You block the bog body's attack.
The alligator bites you!
* * * LOW HITPOINT WARNING * * *
You block the alligator's attack. 2 foxfires come into view.
You closely miss the swamp dragon. You headbutt the swamp dragon.
You kill the swamp dragon!
You are no longer berserk.
You are exhausted.
You feel yourself slow down. The foxfire hits you. You resist.
* * * LOW HITPOINT WARNING * * *
You slice the bog body!! You burn the bog body.
You destroy the bog body!
The foxfire hits you. You resist.
* * * LOW HITPOINT WARNING * * *
The foxfire hits you but does no damage.
You block the goliath frog's attack. You block the alligator's attack.
The alligator barely misses you. You block the goliath frog's attack.
The alligator bites you but does no damage.
You block the alligator's attack.
As you read the scroll of teleportation, it crumbles to dust.
You feel strangely unstable. You block the goliath frog's attack.
The alligator bites you!!
* * * LOW HITPOINT WARNING * * *
The alligator tail-slaps you.
* * * LOW HITPOINT WARNING * * *
You block the goliath frog's attack. You block the alligator's attack.
The alligator barely misses you.
You feel much better. You block the goliath frog's attack.
You block the alligator's attack. The alligator tail-slaps you.
* * * LOW HITPOINT WARNING * * *
The ghoul claws you!
* * * LOW HITPOINT WARNING * * *
The ghoul claws you!
* * * LOW HITPOINT WARNING * * *
The alligator barely misses you. You block the alligator's attack.
The ghoul claws you!
You die...

♣♣♣ ♣♣♣ ♣♣.§♣♣§♣♣♣♣♣ ♣♣
♣..........♣♣♣♣♣≈.♣♣ ≈≈♣ ♣♣♣♣♣
♣≈...≈≈≈≈≈.>.♣♣≈≈≈. ≈ .≈.♣♣...♣♣
♣...≈≈≈≈≈≈≈≈§...(≈. ≈ ≈≈.♣.≈≈≈.♣
♣§≈≈§≈§≈≈..≈≈≈≈≈.♣ ♣≈ ≈≈...≈≈≈♣
♣♣♣♣♣.@nv.≈≈≈§≈≈≈.♣ ≈.
≈≈≈.≈≈.≈♣♣♣≈.♣♣§.tF≈≈≈≈≈≈≈≈.♣ ≈.
≈§≈§≈≈i♣♣≈≈..≈§♣♣♣.≈≈≈≈§≈≈≈≈♣♣♣.≈
..≈..≈≈..i..≈≈≈♣♣♣.≈§≈≈†≈≈†..<..≈
..v.≈.!..(≈≈†.§§♣.≈≈.≈..≈≈≈≈≈≈..≈
≈≈v.○♣§.§≈§≈.♣♣†..≈≈≈♣≈.§≈≈≈≈≈≈.≈
≈≈v§♣♣♣§≈§≈≈...i.≈≈≈.♣♣.≈≈≈≈≈≈≈≈.
≈≈≈≈♣♣≈..≈≈.♣[≈≈≈≈≈≈.♣♣♣.≈≈≈≈≈≈≈♣
v§≈≈♣♣♣♣♣♣♣♣♣♣≈≈≈≈≈..♣ ♣♣..÷≈≈≈≈♣


You could see a ghoul, an alligator (strong, swift), a goliath frog (strong) and
a will-o-the-wisp.

Vanquished Creatures
  Frances (D:13)
  Gastronok (D:12)
  The ghost of SHADDY the Champion of Chaos, an adept DsGl of Makhleb (Lair:3)
  Nessos (Orc:2)
  An eleionoma (Lair:2)
  Azrael (D:14)
  A bunyip (Swamp:2)
  A shambling mangrove (Swamp:2)
  13 hydras
  2 boulder beetles (D:11)
  5 centaur warriors
  A ghost crab (Swamp:1)
  4 two-headed ogres
  A dancing weapon (D:13)
  3 alligators
  10 death yaks
  Urug (D:13)
  Sonja (D:13)
  A storm dragon zombie (D:15)
  5 skeletal warriors
  A goliath frog (Swamp:1)
  3 spriggan druids
  3 bog bodies
  A deep elf archer (D:12)
  A lindwurm (Lair:6)
  A phantasmal warrior (D:15)
  A sphinx zombie (D:15)
  A swamp dragon (Swamp:3)
  7 orc knights
  16 ugly things
  2 cyclopes
  3 manticores
  2 orc sorcerers (Orc:1)
  A wolf spider (D:15)
  An oklob plant (Lair:5)
  8 elephants
  A will-o-the-wisp (Swamp:1)
  An elephant (shapeshifter) (D:13)
  A torpor snail (Lair:6)
  9 cane toads
  3 rime drakes
  The ghost of kwass the Caller, a novice FoSu (D:5)
  5 komodo dragons
  A kobold demonologist (D:14)
  4 yaktaurs (D:15)
  A tengu conjurer (D:14)
  An efreet (D:13)
  4 trolls
  9 polar bears
  4 tyrant leeches
  5 hornets
  2 meliai (D:14)
  11 blink frogs
  Prince Ribbit (D:9)
  4 dream sheep
  7 slime creatures
  Sigmund (D:5)
  A spriggan (Swamp:1)
  A water elemental (D:13)
  A wyvern (Lair:1)
  A spriggan skeleton (D:15)
  32 yaks
  A fire bat (Volcano)
  A steam dragon (D:6)
  2 fire elementals (D:14)
  10 wargs
  4 vampire mosquitoes
  A redback (Lair:3)
  5 swamp worms
  14 water moccasins
  Duvessa (D:4)
  10 hell hounds
  2 acid dragons
  22 orc warriors
  13 black bears
  A swamp drake (Lair:5)
  An ice beast (D:6)
  3 necrophages
  2 boggarts (D:13)
  3 ogres
  20 wolves
  10 centaurs
  2 phantoms (D:5)
  7 bullfrogs
  A kobold brigand (D:5)
  A scorpion (D:6)
  A gnoll sergeant (D:7)
  A wyvern zombie (D:7)
  Dowan (D:4)
  A tengu zombie (D:15)
  7 wights
  13 killer bees
  3 howler monkeys (D:13)
  2 electric eels (Lair:2)
  A lava snake (Volcano)
  A centaur zombie (D:6)
  3 hounds (Lair:1)
  2 jellies (D:4)
  12 orc priests
  A bullfrog skeleton (D:5)
  13 orc wizards
  Ijyb (D:5)
  A hell rat (Lair:2)
  2 hound skeletons (D:4)
  4 howler monkey zombies (D:9)
  7 gnolls (D:7)
  23 adders
  A howler monkey skeleton (D:6)
  9 river rats (Lair:2)
  2 shadow imps
  An ufetubus (D:6)
  2 worms
  4 dart slugs
  84 orcs
  4 bats
  10 endoplasms
  8 giant cockroaches
  9 goblins
  6 hobgoblins
  9 jackals
  11 kobolds
  2 quokkas
  13 ball pythons
  5 frilled lizards
  9 rats
  A bush (D:2)
646 creatures vanquished.

Vanquished Creatures (collateral kills)
  Roxanne (D:15)
  A fenstrider witch (Swamp:3)
  An eleionoma (Swamp:2)
  A bunyip (Swamp:2)
  6 hydras
  Erolcha (D:13)
  2 boulder beetles
  An ice dragon (Lair:6)
  Harold (D:8)
  A catoblepas (Lair:2)
  3 centaur warriors
  An ogre mage (Volcano)
  3 two-headed ogres
  A dancing weapon (D:13)
  5 alligators
  A death yak (Lair:6)
  An orc high priest (Orc:2)
  3 spriggans (Swamp:1)
  A hell knight (Volcano)
  3 skeletal warriors (D:15)
  3 goliath frogs
  2 swamp dragons
  2 bog bodies
  A spriggan druid (Swamp:1)
  A sea snake (shapeshifter) (D:14)
  A lindwurm (Lair:6)
  3 orc knights
  A wizard (D:14)
  A necromancer (D:15)
  An oklob plant (Lair:1)
  10 ugly things
  An orc sorcerer (Orc:1)
  5 elephants
  2 manticores
  A cyclops (D:15)
  Maurice (D:13)
  A black mamba (Lair:4)
  6 torpor snails
  3 cane toads (Lair:5)
  2 molten gargoyles (Volcano)
  An unseen horror (D:12)
  2 rime drakes
  4 komodo dragons
  A guardian mummy (D:15)
  A bloated husk (Swamp:2)
  A meliai (D:14)
  3 polar bears
  4 trolls
  7 hornets
  8 tyrant leeches
  2 raiju (Lair:6)
  12 blink frogs
  A dream sheep (Lair:2)
  3 slime creatures
  A wraith (D:13)
  11 yaks
  3 wyverns
  4 basilisks
  A fire bat (Volcano)
  2 redbacks (Lair:3)
  A steam dragon (D:10)
  6 vampire mosquitoes
  A swamp worm (Swamp:2)
  11 water moccasins
  3 wargs
  2 acid dragons (D:14)
  6 hell hounds (Lair:6)
  A swamp drake (Lair:5)
  2 black bears
  16 orc warriors
  A sky beast (D:6)
  An ogre (Orc:2)
  3 boggarts (D:13)
  8 wolves
  7 centaurs
  A bullfrog (Lair:2)
  A water moccasin zombie (D:6)
  5 killer bees
  2 wights (D:9)
  An electric eel (D:13)
  6 lava snakes (Volcano)
  A jelly (D:7)
  A bullfrog skeleton (D:7)
  A gnoll shaman (D:7)
  An orc priest (D:9)
  2 hounds (Lair:1)
  A hell rat (Lair:2)
  7 orc wizards
  A gnoll (D:7)
  A river rat (Lair:2)
  7 adders (D:13)
  33 orcs
  A rat (Lair:2)
  A bush (Lair:1)
301 creatures vanquished.

Vanquished Creatures (others)
  A hydra (Swamp:2)
  An orc sorcerer (Orc:1)
  6 bloated husks
  A vampire mosquito (Swamp:2)
  40 battlemagi
  An ancestor (D:5)
  2 orcs (Orc:1)
  24 foxfires
  44 fungi
  208 plants
  8 withered plants (D:15)
336 creatures vanquished.

Grand Total: 1283 creatures vanquished

Notes
Turn   | Place    | Note
-------+----------+-------------------------------------------
     0 | D:1      | raph the Minotaur Fighter began the quest for the Orb.
     0 | D:1      | Reached XP level 1. HP: 19/19 MP: 0/0
   130 | D:1      | Reached XP level 2. HP: 19/26 MP: 1/1
   633 | D:1      | Reached XP level 3. HP: 29/31 MP: 2/2
   728 | D:1      | Found Querph's Weapon Shoppe.
  1579 | D:2      | Identified the +1 leather armour "Xeediw" {rPois rF+ Int-2}
  1612 | D:2      | Reached skill level 5 in Long Blades
  1980 | D:2      | Reached XP level 4. HP: 39/39 MP: 3/3
  2580 | D:3      | Found a sacrificial altar of Ru.
  2906 | D:4      | Reached XP level 5. HP: 45/45 MP: 4/4
  3006 | D:4      | Noticed an ogre
  3013 | D:4      | Killed an ogre
  3142 | D:4      | Reached XP level 6. HP: 36/51 MP: 5/5
  3360 | D:4      | Found a hazy altar of Hepliaklqana.
  3363 | D:4      | Found a bloodstained altar of Trog.
  3366 | D:4      | Found a shimmering altar of Xom.
  3366 | D:4      | Noticed Duvessa
  3366 | D:4      | Noticed Dowan
  3371 | D:4      | Killed Duvessa
  3375 | D:4      | Killed Dowan
  3506 | D:4      | Became a worshipper of Hepliaklqana the Forgotten
  3544 | D:4      | Reached XP level 7. HP: 57/57 MP: 6/6
  3565 | D:4      | Found Ziblyic's General Store.
  3577 | D:4      | Bought a potion of heal wounds for 55 gold pieces
  3577 | D:4      | Bought a scroll of identify for 22 gold pieces
  3905 | D:4      | Found Oliw Uru's General Store.
  3907 | D:4      | Found Jupapp's Specific Store.
  3918 | D:4      | Bought a potion of haste for 130 gold pieces
  4337 | D:5      | Entered Level 5 of the Dungeon
  4337 | D:5      | Found a runed translucent door.
  4350 | D:5      | Noticed kwass's ghost (novice FoSu)
  4367 | D:5      | Reached skill level 10 in Long Blades
  4414 | D:5      | Reached * piety under Hepliaklqana
  4518 | D:5      | Identified the +1 leather armour of a Labyrinth {rElec rC-
                  | Regen+ Slay+3}
  4576 | D:5      | Noticed Ijyb
  4595 | D:5      | Killed Ijyb
  5076 | D:5      | Reached XP level 8. HP: 57/57 MP: 7/7
  5186 | D:5      | Noticed Sigmund
  5190 | D:5      | Killed Sigmund
  5464 | D:6      | Found Inwaf's Armour Shoppe.
  5480 | D:6      | Bought a +0 pair of boots for 49 gold pieces
  5821 | D:6      | Reached XP level 9. HP: 63/63 MP: 8/8
  5837 | D:6      | Reached skill level 1 in Slings
  5844 | D:6      | Reached skill level 1 in Dodging
  5883 | D:6      | Reached skill level 1 in Invocations
  6165 | D:7      | Reached skill level 1 in Evocations
  6420 | D:7      | Found a staircase to the Ecumenical Temple.
  6698 | D:7      | Reached ** piety under Hepliaklqana
  6702 | D:7      | Remembered your ancestor Huemac as a battlemage
  6853 | D:8      | Noticed Harold
  6865 | D:8      | Killed Harold
  6866 | D:8      | Reached skill level 5 in Fighting
  6866 | D:8      | Reached skill level 5 in Armour
  6866 | D:8      | Reached skill level 5 in Shields
  6866 | D:8      | Reached XP level 10. HP: 46/72 MP: 9/11
  7186 | D:8      | Found a staircase to the Lair.
  7511 | D:8      | Identified a scroll of acquirement
  7511 | D:8      | Acquired 872 gold pieces
  7586 | D:6      | Bought +0 gold dragon scales for 880 gold pieces
  7778 | D:9      | Found a staircase to the Orcish Mines.
  8068 | D:9      | Found a broken altar of Ashenzari.
  8069 | D:9      | Noticed Prince Ribbit
  8086 | D:9      | Killed Prince Ribbit
  8127 | D:9      | Found a white marble altar of Elyvilon.
  8214 | D:9      | Identified the +6 hand axe of Defence {vorpal, *Noise rC+
                  | rN+ Str+3}
  8284 | D:9      | Found Naril's CLEARANCE SALE!.
  8293 | D:9      | Bought a potion of brilliance for 12 gold pieces
  8341 | D:9      | Found a sparkling altar of Nemelex Xobeh.
  8341 | D:9      | Found a radiant altar of Vehumet.
  8341 | D:9      | Found an ancient bone altar of Kikubaaqudgha.
  8341 | D:9      | Found an ornate altar of the Wu Jian Council.
  8350 | D:9      | Found a burning altar of Makhleb.
  8350 | D:9      | Found an opulent altar of Gozag.
  8498 | Lair:1   | Entered Level 1 of the Lair of Beasts
  8520 | Lair:1   | Noticed a cane toad
  8526 | Lair:1   | Killed a cane toad
  8532 | Lair:1   | Noticed a six-headed hydra
  8545 | Lair:1   | Killed a six-headed hydra
  8546 | Lair:1   | Reached skill level 5 in Slings
  8776 | Lair:1   | Reached XP level 11. HP: 81/81 MP: 12/12
  8855 | Lair:1   | Reached *** piety under Hepliaklqana
  8873 | Lair:1   | Reached skill level 5 in Dodging
  8915 | Lair:1   | Noticed an oklob plant
  9625 | Lair:2   | Noticed a six-headed hydra
  9918 | Lair:2   | Noticed a catoblepas
  9933 | Lair:2   | Killed a catoblepas
 10283 | Lair:2   | Reached skill level 10 in Armour
 10518 | Lair:2   | Reached **** piety under Hepliaklqana
 10626 | Lair:2   | Found a staircase to the Swamp.
 10996 | Lair:2   | Killed a nine-headed hydra
 11394 | Lair:3   | Reached XP level 12. HP: 92/92 MP: 13/13
 11484 | Lair:3   | Found a runed translucent gate.
 11484 | Lair:3   | Found a runed translucent gate.
 11484 | Lair:3   | Found a runed translucent gate.
 11485 | Lair:3   | Noticed a ten-headed hydra
 11485 | Lair:3   | Noticed SHADDY's ghost (adept DsGl)
 11485 | Lair:3   | Noticed a 12-headed hydra
 11689 | Lair:3   | Found a hole to the Spider Nest.
 11778 | Lair:3   | Noticed a four-headed hydra
 11785 | Lair:3   | Killed a four-headed hydra
 12387 | Lair:4   | Noticed a five-headed hydra
 12393 | Lair:4   | Killed a five-headed hydra
 12474 | Lair:4   | Noticed a death yak
 12475 | Lair:4   | Noticed a death yak
 12476 | Lair:4   | Noticed a death yak
 12495 | Lair:4   | Noticed a death yak
 12512 | Lair:4   | Killed a death yak
 12529 | Lair:4   | Killed a death yak
 12535 | Lair:4   | Noticed a six-headed hydra
 12569 | Lair:3   | Killed a death yak
 12847 | Lair:4   | Reached skill level 10 in Fighting
 12863 | Lair:4   | Killed a six-headed hydra
 12983 | Lair:4   | Reached ***** piety under Hepliaklqana
 13079 | Lair:4   | Killed a death yak
 13347 | Lair:5   | Noticed a six-headed hydra
 13354 | Lair:5   | Killed a six-headed hydra
 13412 | Lair:5   | Reached XP level 13. HP: 89/101 MP: 14/14
 13484 | Lair:5   | Found a dark tunnel.
 13491 | Volcano  | Entered a volcano
 13759 | Volcano  | Found a bloodstained altar of Trog.
 13764 | Volcano  | Paralysed by something for 4 turns
 15227 | Lair:6   | Entered Level 6 of the Lair of Beasts
 15677 | Lair:6   | Reached skill level 10 in Shields
 15855 | Lair:5   | Reached skill level 10 in Slings
 15901 | Lair:6   | Reached XP level 14. HP: 111/111 MP: 15/15
 15969 | Lair:6   | Found a runed translucent door.
 16001 | Lair:6   | Paralysed by a hornet for 1 turns
 16046 | Lair:6   | Paralysed by a hornet for 3 turns
 16285 | Lair:6   | Reached skill level 10 in Dodging
 16324 | Lair:6   | Reached skill level 15 in Armour
 16464 | Lair:6   | Found a viscous altar of Jiyva.
 16465 | Lair:6   | Found a staircase to the Slime Pits.
 17698 | D:10     | Entered Level 10 of the Dungeon
 17732 | Orc:1    | Entered Level 1 of the Orcish Mines
 18249 | Orc:2    | Entered Level 2 of the Orcish Mines
 18249 | Orc:2    | Reached ****** piety under Hepliaklqana
 18339 | Orc:2    | Noticed Nessos
 18654 | Orc:2    | Killed Nessos
 19298 | Orc:2    | Found Suc Julo's Assorted Antiques.
 19415 | Orc:2    | Bought a runed hat for 238 gold pieces
 19415 | Orc:2    | Bought a potion of heal wounds for 170 gold pieces
 19415 | Orc:2    | Bought a scroll of identify for 68 gold pieces
 19415 | Orc:2    | Bought a scroll of magic mapping for 119 gold pieces
 19415 | Orc:2    | Bought a potion of might for 136 gold pieces
 19415 | Orc:2    | Bought a potion of might for 136 gold pieces
 19419 | Orc:2    | Found Vunt's Assorted Antiques.
 19441 | Orc:2    | Reached XP level 15. HP: 92/120 MP: 16/16
 19500 | Orc:2    | Bought an orange potion for 22 gold pieces
 19500 | Orc:2    | Bought a glimmering hunting sling for 162 gold pieces
 19500 | Orc:2    | Identified the +5 hunting sling "Gusoeb" {flame, rF+ Str+3}
                  | (You bought it in a shop on level 2 of the Orcish Mines)
 19529 | Orc:2    | Found Ymomeurph's Magic Scroll Boutique.
 19529 | Orc:2    | Found Qaacw's Antique Weapon Emporium.
 19537 | Orc:2    | Bought a polished falchion for 248 gold pieces
 19537 | Orc:2    | Identified the +9 falchion of Pain and Death {freeze,
                  | Stlth+} (You bought it in a shop on level 2 of the Orcish
                  | Mines)
 19553 | Orc:2    | Bought a scroll of fear for 49 gold pieces
 19553 | Orc:2    | Bought a scroll of enchant weapon for 105 gold pieces
 19553 | Orc:2    | Bought a scroll of magic mapping for 49 gold pieces
 19553 | Orc:2    | Bought a scroll of fear for 49 gold pieces
 19584 | Orc:2    | Bought a scroll of enchant weapon for 187 gold pieces
 19584 | Orc:2    | Bought a potion of curing for 75 gold pieces
 19831 | Orc:2    | Found a staircase to the Elven Halls.
 21414 | D:12     | Noticed Gastronok
 21424 | D:12     | Killed Gastronok
 22042 | D:13     | Noticed Maurice
 22064 | D:13     | Noticed Frances
 22070 | D:13     | Gained mutation: Armour fits poorly on your strangely
                  | shaped body. [a neqoxec]
 22216 | D:13     | Killed Frances
 22577 | D:13     | Killed Maurice
 22600 | D:13     | Noticed Sonja
 23069 | D:13     | Killed Sonja
 23101 | D:13     | Found a gate to the Vaults.
 23363 | D:13     | Noticed Erolcha
 23367 | D:13     | Killed Erolcha
 23464 | D:13     | Noticed Urug
 23481 | D:13     | Killed Urug
 23985 | D:14     | Reached skill level 15 in Shields
 24039 | D:14     | Identified the ring of Elitism {rN+ AC+4 Dex+3}
 24145 | D:14     | Noticed Azrael
 24158 | D:14     | Killed Azrael
 24304 | D:14     | Reached XP level 16. HP: 131/131 MP: 17/17
 24643 | D:14     | Found a portal to a secret trove of treasure.
 24814 | D:15     | Entered Level 15 of the Dungeon
 25061 | D:15     | Found a staircase to the Depths.
 26047 | D:15     | Identified Roxanne's Grimoire of Earth
 26047 | D:15     | Noticed Roxanne
 26070 | D:15     | Killed Roxanne
 26475 | D:5      | Killed kwass's ghost
 26802 | Lair:3   | Killed SHADDY's ghost
 26820 | Lair:3   | Identified the +3 lajatang "Hicenapn" {vorpal, rElec Str+4
                  | Int+3}
 27128 | Swamp:1  | Entered Level 1 of the Swamp
 27160 | Lair:2   | Reached skill level 15 in Fighting
 29006 | Swamp:2  | HP: 2/134 [bunyip (20)]
 29367 | Swamp:3  | Reached XP level 17. HP: 140/140 MP: 18/18
 29468 | Swamp:3  | HP: 3/141 [alligator[an alligator] (20)]
 29470 | Swamp:3  | Mangled by a ghoul

Illustrated notes

Levels and vault maps discovered:
D:1:      roderic_octagonal_star, layout_loops_corners, serial_shops,
          nicolae_shop_bloodbath_and_beyond, minmay_tetromino_l4
D:2:      layout_basic, lexackson_kobold_supper
D:3:      layout_rooms, amcnicky_altar_gilded
D:4:      layout_cave_pods, grunt_temple_overflow_diamond, serial_shops,
          kennysheep_little_box, nicolae_specific_store,
          minmay_increasing_density, uniq_duvessa
D:5:      layout_loops_cross, ebering_ghost_sewer_d, minmay_misc_feat_rows,
          serial_bayou_pond_b, uniq_sigmund, uniq_ijyb
D:6:      layout_rooms, serial_shops, shop, grunt_tough_drop
D:7:      layout_basic, minmay_temple_entry_proselytizer
D:8:      layout_basic, dpeg_oklobed_lair, minmay_misc_feat_pillars, uniq_harold
D:9:      layout_roguey, overflow_temple_1_default, minmay_overflow_temple_hex,
          mainiacjoe_overflow_tiny_flanked, hiddenorc2_lemuel,
          nicolae_shop_clearance, uniq_prince_ribbit1
D:10:     layout_rooms, kennysheep_generic_room_9
D:11:     layout_loops_corners
D:12:     layout_cave_pools, nicolae_zen_rock_garden, uniq_gastronok
D:13:     lemuel_reptile_caves, layout_loops_corners, erik_vaults_1, uniq_sonja,
          uniq_maurice, uniq_erolcha, uniq_urug, uniq_frances
D:14:     layout_basic, nicolae_trove_entry_crossroad, serial_bayou_shore_b,
          minmay_checkerbox, uniq_azrael
D:15:     gammafunk_depths_entry_grave, layout_basic, nicolae_wwwww,
          nicolae_benzene_ring, uniq_roxanne
Lair:1:   beast_lair_carwin_large_3, layout_big_grid, ldierk_geyser,
          minmay_lair_oklob_bushes, infiniplex_staircase_pool_2
Lair:2:   layout_regular_city, swamp_mist, serial_bayou_ford_a,
          kennysheep_rathole
Lair:3:   layout_cave_pods, spider_nest_entry_a, gauntlet_entry_generic,
          gammafunk_ghost_hydra_chop, infiniplex_staircase_pool,
          grunt_megastairs_4
Lair:4:   layout_hall_layers, beast_lair_carwin_6
Lair:5:   layout_cave_pods, nicolae_volcano_entry_hallway, pond
Lair:6:   wormcave, layout_regular_city, hangedman_lair_caniforms_friends,
          dpeg_slime_entry_enclosed_altar, serial_forest,
          infiniplex_forest_clump_small, infiniplex_forest_lined_corner,
          infiniplex_forest_clump_small, infiniplex_forest_straight_3,
          infiniplex_forest_fountain, infiniplex_forest_clump_long,
          infiniplex_forest_clump_medium, infiniplex_forest_fountain,
          infiniplex_forest_straight_4, infiniplex_forest_straight_4,
          lemuel_fruit_fields
Swamp:1:  layout_falls_marsh, serial_swamp_ruin, hangedman_swamp_ruin_hall,
          evilmike_swamp_ruin_house_5, swamp_pool4
Swamp:2:  layout_falls_marsh, nicolae_swamp_some_circles
Swamp:3:  layout_basic_swamp, evilmike_swamp_ruin_house_3
Orc:1:    layout_caves, guppyfry_library_mini
Orc:2:    st_orc_town, layout_caves, basic_altar, mines1_david, uniq_nessos

Skill      XL: |  1  2  3  4  5  6  7  8  9 10 11 12 13 14 15 16 |
---------------+-------------------------------------------------+-----
Long Blades    | 3 4 5 6 7 9 11 14 | 14.0
Slings         | 3 5 7 8 10 11 12 | 12.0
Dodging        | 3 4 7 8 9 11 | 11.3
Fighting       | 5 6 8 10 11 12 14 15 | 15.7
Armour         | 5 7 11 13 14 15 16 18 | 18.2
Shields        | 5 6 7 10 12 15 18 | 18.3
Invocations    | 2 3 |  3.8
Evocations     | 2 3 |  3.5

Action                   |  1- 3 |  4- 6 |  7- 9 | 10-12 | 13-15 | 16-18 || total
-------------------------+-------+-------+-------+-------+-------+-------++-------
Melee: Long sword        |   115 |   129 |   228 |   358 |   931 |       ||  1761
       Headbutt          |    10 |    18 |    38 |    87 |   278 |   152 ||   583
       Scimitar          |       |       |       |       |   227 |   503 ||   730
 Fire: Hunting sling     |       |     8 |    20 |   203 |   154 |    43 ||   428
Invok: Ancestor Life: Ba |       |       |     1 |       |       |       ||     1
  Use: Scroll            |     5 |     4 |     6 |     9 |    12 |     7 ||    43
       Potion            |       |     1 |       |       |     2 |     4 ||     7
 Stab: Distracted        |       |       |     1 |     4 |    22 |    10 ||    37
Armor: Scale mail        |    50 |    30 |       |       |       |       ||    80
       Chain mail        |       |    12 |    99 |       |       |       ||   111
       Plate armour      |       |       |     1 |     9 |       |       ||    10
       Gold dragon scale |       |       |       |   230 |   693 |   204 ||  1127
Dodge: Dodged            |    50 |    42 |    65 |    70 |   375 |   152 ||   754
Block: Buckler           |    20 |    21 |    47 |    82 |       |       ||   170
       Tower shield      |       |       |       |    31 |  1273 |   522 ||  1826
